Map: Bridgehead LE (Void)

Players

Hostile - Winner!

  • Race: Zerg Zerg
  • League: Grandmaster

Javert

  • Race: Zerg Zerg
  • League: Grandmaster

VOD

Have the link to the VOD?

Description

Time

  • Played on: July 14, 2015, 6:38 p.m.
  • Length: 7:48
Show
View Real Time Build Order
Export as new Build Order

Hostile Zerg - Winner!

Build Orders: Hatch First 

Get SALT Encoding   

  12  0:01  Drone  
  13  0:13  Overlord  
  13  0:21  Drone  
  14  0:22  Extractor  
  14  0:24  Drone  
  15  0:34  Drone  
  16  0:38  Drone  
  17  0:48  Drone  
  18  1:00  Hatchery, Drone  
  18  1:02  Extractor  
  17  1:09  Drone  
  18  1:19  Spawning Pool  
  18  1:22  Drone  
  18  1:32  Drone  
  19  1:41  Overlord  
  19  1:53  Drone  
  20  2:05  Drone  
  20  2:06  Queen  
  20  2:07  Metabolic Boost  
  23  2:11  Queen  
  23  2:13  Drone x2  
  27  2:17  Spine Crawler  
  26  2:24  Drone x2  
  28  2:31  Baneling Nest  
  27  2:47  Spine Crawler, Queen  
  28  3:03  Zergling x2  
  28  3:04  Zergling x10  
  34  3:18  Drone x2  
  36  3:23  Spine Crawler  
  35  3:30  Baneling x2  
  35  3:31  Baneling  
  35  3:42  Lair  
  35  3:45  Extractor  
  35  3:47  Roach Warren, Overlord x2  
  31  4:21  Drone x3  
  31  4:22  Drone x6  
  31  4:23  Drone x2  
  42  4:36  Drone  
  43  4:38  Overlord  
  43  4:43  Glial Reconstitution  
  43  5:00  Drone x4  
  47  5:14  Extractor  
  46  5:20  Drone x3  
  49  5:23  Drone x2  
  49  5:24  Drone, Extractor  
  49  5:27  Overlord x2  
  51  5:36  Hatchery  
  51  5:40  Nydus Network  
  49  5:49  Roach x4  
  59  5:50  Roach x4  
  59  5:51  Roach  
  67  5:58  Overlord  
  67  6:17  Drone x4  
  71  6:20  Roach x2  
  71  6:23  Spore Crawler  
  74  6:26  Hydralisk Den  
  74  6:30  Evolution Chamber  
  74  6:32  Evolution Chamber  
  71  6:52  Roach x5  
  81  6:54  Overlord  
  81  6:55  Overlord x3  
  81  7:22  Nydus Canal  
Show
View Real Time Build Order
Export as new Build Order

Javert Zerg 

Build Orders: Hatch First 

Get SALT Encoding   

  12  0:01  Drone  
  13  0:12  Overlord  
  13  0:18  Drone  
  14  0:31  Drone x2  
  16  0:53  Hatchery, Drone  
  16  0:56  Extractor  
  15  0:59  Drone  
  15  1:02  Drone  
  17  1:11  Drone  
  18  1:22  Spawning Pool  
  18  1:25  Drone  
  18  1:28  Drone  
  19  1:39  Drone  
  20  1:53  Drone  
  21  2:09  Overlord  
  21  2:10  Metabolic Boost  
  21  2:11  Queen  
  21  2:12  Queen  
  25  2:16  Zergling x4  
  25  2:22  Zergling x2  
  28  2:33  Drone x2  
  28  2:34  Drone  
  31  2:39  Zergling x2  
  32  2:57  Zergling x2  
  32  2:58  Zergling x4  
  35  3:09  Drone  
  36  3:21  Overlord  
  36  3:32  Baneling Nest  
  35  3:42  Drone x9  
  44  4:08  Queen  
  41  4:17  Overlord  
  41  4:18  Overlord  
  39  4:28  Lair, Extractor  
  39  4:30  Hatchery, Overlord x2  
  37  4:31  Extractor  
  37  4:32  Extractor  
  37  4:38  Overlord x2  
  35  4:46  Zergling x10  
  35  4:48  Roach Warren  
  35  4:50  Evolution Chamber  
  38  4:57  Zergling x2  
  38  4:58  Zergling x2  
  40  5:02  Spine Crawler  
  39  5:10  Baneling  
  39  5:11  Baneling x3  
  39  5:15  Overlord  
  39  5:16  Overlord  
  39  5:25  Drone x5  
  39  5:26  Drone  
  39  5:28  Glial Reconstitution  
  45  5:41  Drone  
  45  5:42  Drone x3  
  49  5:43  Hatchery  
  48  5:57  Overlord  
  48  5:59  Drone x9  
  57  6:08  Roach  
  59  6:15  Roach  
  61  6:20  Roach  
  61  6:21  Roach  
  65  6:39  Roach x5  
  77  6:54  Roach x7  
  89  7:11  Roach  
  89  7:12  Roach x7  
  89  7:13  Spine Crawler  
Tags
 
Add a new tag
Caveats
  • Supply blocks, unpowered buildings, or Contaminate may cause inaccurate times.
  • Supply counts are checked every 10 seconds.